Map: Oceanborn LE

Players

Harstem - Winner!

  • Race: Protoss Protoss
  • Spawn Location: 5:00

DRG

  • Race: Zerg Zerg
  • Spawn Location: 11:00

Event: ESL Spring 2024 Finals

VOD

Have the link to the VOD?

Description

Time

  • Played on: May 31, 2024, 7:18 p.m.
  • Length: 20:11

All games in this series

Show
View Real Time Build Order
Export as new Build Order

Harstem Protoss - Winner!

Build Orders: 1 Gate Expand, Oracle Opening, Chargelot Immortal 

Get SALT Encoding   

  12  0:00  Probe  
  13  0:12  Probe  
  14  0:17  Pylon  
  14  0:24  Probe  
  15  0:35  Gateway  
  15  0:38  Probe (Chrono Boost)  
  16  0:48  Probe (Chrono Boost)  
  16  0:49  Assimilator  
  17  0:53  Probe (Chrono Boost)  
  18  1:05  Probe  
  19  1:17  Probe  
  20  1:26  Nexus  
  20  1:35  Cybernetics Core  
  20  1:38  Probe  
  21  1:44  Assimilator  
  21  1:50  Probe  
  21  1:52  Pylon  
  22  2:02  Probe  
  23  2:08  Adept (Chrono Boost)  
  23  2:14  Probe  
  26  2:23  Stargate  
  26  2:26  Probe  
  26  2:29  Adept (Chrono Boost)  
  29  2:38  Probe  
  29  2:40  Probe  
  31  2:50  Probe  
  32  2:51  Warp Gate  
  32  2:52  Probe  
  35  3:00  Adept  
  35  3:03  Probe  
  35  3:04  Probe  
  37  3:06  Oracle (Chrono Boost)  
  37  3:11  Pylon  
  40  3:15  Probe  
  40  3:16  Probe  
  42  3:27  Probe  
  42  3:28  Probe  
  44  3:34  Nexus  
  44  3:36  Oracle (Chrono Boost)  
  44  3:39  Probe  
  48  3:41  Probe  
  48  3:45  Pylon  
  49  3:51  Probe  
  49  3:53  Probe  
  51  3:58  Gateway  
  49  4:03  Probe  
  49  4:08  Pylon x2  
  50  4:15  Oracle (Chrono Boost)  
  51  4:18  Probe  
  51  4:23  Probe, Pylon  
  51  4:29  Assimilator  
  51  4:30  Probe  
  52  4:31  Assimilator  
  52  4:35  Probe (Chrono Boost)  
  52  4:37  Forge  
  53  4:40  Adept  
  56  4:48  Probe x2 (Chrono Boost)  
  56  4:51  Probe (Chrono Boost)  
  58  4:54  Twilight Council, Probe (Chrono Boost)  
  58  4:55  Zealot  
  58  4:58  Probe x2 (Chrono Boost)  
  63  5:06  Gateway  
  64  5:08  Gateway, Probe x2 (Chrono Boost)  
  64  5:09  Adept  
  64  5:10  Probe (Chrono Boost)  
  64  5:12  Shield Battery  
  64  5:13  Probe (Chrono Boost)  
  66  5:16  Protoss Ground Weapons Level 1 (Chrono Boost)  
  66  5:18  Probe x2 (Chrono Boost)  
  69  5:23  Robotics Facility  
  69  5:27  Adept  
  69  5:28  Probe (Chrono Boost)  
  73  5:29  Pylon, Probe x2 (Chrono Boost)  
  73  5:32  Charge  
  73  5:35  Probe  
  74  5:36  Sentry  
  74  5:38  Probe x2  
  74  5:41  Pylon  
  79  5:47  Probe  
  79  5:48  Zealot  
  82  5:50  Assimilator, Probe  
  82  5:51  Probe  
  82  5:54  Assimilator  
  84  5:59  Probe  
  84  6:02  Probe  
  84  6:03  Probe  
  87  6:06  Zealot  
  87  6:07  Zealot x2  
  94  6:11  Probe  
  94  6:12  Phoenix (Chrono Boost)  
  94  6:16  Templar Archives, Immortal (Chrono Boost)  
  94  6:17  Pylon  
  100  6:20  Gateway  
  100  6:21  Gateway  
  97  6:41  Probe  
  97  6:43  Zealot  
  97  6:45  Pylon  
  100  6:48  Phoenix (Chrono Boost)  
  100  6:50  Shield Battery  
  100  6:51  Immortal (Chrono Boost), Psionic Storm  
  100  6:52  Pylon  
  100  6:53  Pylon  
  106  6:55  Pylon  
  106  6:58  High Templar  
  106  7:00  Photon Cannon  
  108  7:04  Pylon  
  108  7:11  Phoenix (Chrono Boost)  
  108  7:14  Protoss Ground Weapons Level 2  
  110  7:16  Probe  
  110  7:17  Shield Battery, Probe  
  110  7:19  Probe, Pylon  
  113  7:24  High Templar, Immortal (Chrono Boost)  
  113  7:28  Phoenix  
  121  7:45  High Templar  
  121  7:46  Probe  
  121  7:50  Probe  
  125  7:53  High Templar  
  125  7:56  Zealot  
  125  7:57  Zealot x3  
  137  7:59  Immortal (Chrono Boost)  
  137  8:02  Nexus  
  137  8:04  Pylon  
  141  8:17  Zealot x4  
  147  8:24  Probe  
  148  8:29  Robotics Facility  
  148  8:31  Immortal (Chrono Boost)  
  148  8:32  Pylon  
  148  8:33  Pylon  
  149  8:34  Zealot x2  
  153  8:42  Zealot x2  
  153  8:46  Pylon  
  153  8:47  Pylon  
  157  8:49  Pylon  
  153  8:56  Fleet Beacon, Probe x2  
  153  8:58  Stargate  
  151  9:03  Probe  
  151  9:07  Pylon  
  151  9:08  Immortal (Chrono Boost)  
  156  9:11  High Templar x2  
  156  9:16  Pylon  
  164  9:18  Immortal (Chrono Boost)  
  164  9:21  Probe  
  161  9:24  High Templar  
  161  9:25  Photon Cannon x2  
  161  9:26  Probe  
  161  9:27  Assimilator, Shield Battery  
  161  9:28  Pylon  
  161  9:29  Assimilator  
  164  9:33  Warp Prism  
  164  9:40  Protoss Ground Weapons Level 3  
  162  9:48  Protoss Air Weapons Level 1 (Chrono Boost), Photon Cannon  
  162  9:52  Shield Battery, Mothership  
  160  9:53  Photon Cannon  
  160  9:54  Zealot x5, Photon Cannon  
  170  10:00  Immortal  
  174  10:13  Tempest (Chrono Boost)  
  173  10:22  Zealot x6  
  173  10:25  Tempest (Chrono Boost)  
  185  10:29  Immortal (Chrono Boost)  
  189  10:48  Tempest (Chrono Boost)  
  187  11:02  Tempest (Chrono Boost)  
  184  11:06  Immortal x2 (Chrono Boost)  
  187  11:23  Tempest  
  179  11:31  High Templar  
  175  11:42  Tempest  
  180  11:51  Zealot x5  
  190  11:56  Observer  
  189  12:05  Probe  
  189  12:06  Tempest  
  189  12:08  Immortal  
  196  12:25  Observer  
  196  12:26  Protoss Shields Level 1 (Chrono Boost)  
  185  12:36  High Templar x4  
  187  12:37  Zealot  
  187  12:40  Archon  
  187  12:41  Archon  
  187  12:53  Nexus  
  175  13:08  Pylon  
  175  13:12  Assimilator  
  183  13:13  Assimilator  
  183  13:14  Void Ray (Chrono Boost)  
  183  13:21  Void Ray (Chrono Boost)  
  183  13:24  Pylon  
  183  13:29  Observer x2  
  185  13:40  Zealot x5  
  195  13:46  Oracle (Chrono Boost)  
  178  13:53  Immortal  
  160  14:02  Void Ray (Chrono Boost)  
  157  14:07  High Templar x3  
  157  14:08  Zealot x2  
  167  14:13  Archon  
  167  14:20  Immortal  
  175  14:32  Observer  
  175  14:33  Void Ray  
  175  14:37  High Templar x2  
  179  14:43  Archon  
  183  14:46  Photon Cannon  
  183  14:48  High Templar x2  
  183  14:49  Void Ray, Photon Cannon  
  183  14:50  Photon Cannon  
  183  14:51  Photon Cannon  
  187  14:52  Archon  
  187  15:10  Tempest  
  190  15:19  Observer  
  190  15:25  Tempest  
  198  16:00  Tempest (Chrono Boost)  
  194  16:07  Tempest (Chrono Boost)  
  194  16:09  Nexus  
  194  16:11  Pylon  
  189  16:54  High Templar x3  
  189  16:55  High Templar x2  
  189  17:43  Zealot  
  199  17:45  Unknown  
  199  17:47  Assimilator, Void Ray x2  
  199  17:51  Photon Cannon  
  199  17:52  Photon Cannon  
  199  17:54  Assimilator  
  199  17:56  Photon Cannon  
  197  18:29  Oracle  
  200  19:20  Void Ray  
  200  19:39  Nexus  
  200  19:47  Observer  
Show
View Real Time Build Order
Export as new Build Order

DRG Zerg 

Build Orders: Hatch First, Brood Lord Corruptor, Lurkers, Roach Hydra 

Get SALT Encoding   

  12  0:00  Drone  
  13  0:11  Overlord  
  13  0:16  Drone  
  14  0:29  Drone  
  14  0:30  Drone  
  14  0:33  Drone  
  17  0:50  Hatchery  
  17  0:54  Drone  
  17  0:56  Drone  
  18  1:05  Drone  
  18  1:08  Extractor  
  18  1:14  Spawning Pool  
  18  1:17  Drone  
  18  1:27  Drone  
  19  1:38  Drone  
  20  1:48  Drone  
  21  2:00  Overlord  
  21  2:01  Queen  
  21  2:02  Queen  
  21  2:03  Drone  
  21  2:07  Metabolic Boost  
  26  2:11  Zergling x2  
  26  2:13  Zergling x2  
  28  2:20  Drone  
  29  2:24  Zergling x2  
  30  2:31  Drone  
  30  2:35  Drone  
  32  2:37  Queen  
  32  2:42  Hatchery  
  33  2:46  Overlord  
  33  2:49  Zergling x2  
  34  2:54  Zergling x2  
  35  3:02  Drone  
  35  3:04  Queen  
  35  3:05  Overlord  
  38  3:11  Drone x2  
  40  3:13  Drone  
  40  3:16  Drone  
  40  3:19  Queen  
  41  3:25  Drone x2  
  46  3:27  Drone  
  46  3:30  Drone  
  46  3:32  Drone  
  48  3:35  Overlord  
  48  3:44  Queen  
  51  3:48  Zergling x2  
  51  3:54  Zergling x2  
  51  3:55  Zergling x8  
  56  3:59  Drone  
  56  4:01  Drone  
  57  4:09  Drone x4  
  61  4:13  Drone  
  59  4:19  Drone x2  
  59  4:22  Overlord  
  61  4:24  Queen  
  61  4:26  Spore Crawler  
  61  4:27  Drone  
  61  4:29  Overlord  
  63  4:31  Drone  
  63  4:32  Drone x2  
  63  4:33  Spore Crawler  
  63  4:35  Overlord  
  65  4:40  Overlord  
  65  4:41  Drone  
  65  4:45  Drone  
  66  4:46  Drone  
  66  4:47  Drone  
  66  4:50  Drone x3  
  71  4:53  Lair  
  71  4:57  Drone  
  71  4:59  Drone x3  
  75  5:03  Drone x3  
  75  5:04  Drone  
  79  5:08  Drone  
  79  5:12  Drone x4  
  84  5:16  Extractor  
  84  5:17  Roach Warren, Extractor  
  84  5:18  Overlord  
  84  5:19  Drone  
  84  5:21  Extractor x2  
  81  5:24  Drone x2, Evolution Chamber  
  81  5:27  Drone  
  81  5:30  Drone x3  
  81  5:31  Drone  
  81  5:34  Drone x2, Extractor  
  86  5:36  Drone  
  86  5:39  Overlord  
  86  5:40  Drone  
  88  5:44  Hatchery  
  88  5:45  Overlord  
  88  5:47  Drone  
  88  5:49  Overlord  
  88  5:55  Drone  
  89  5:57  Spire  
  89  6:00  Overlord  
  89  6:02  Overlord  
  88  6:06  Zergling x10  
  88  6:08  Glial Reconstitution  
  88  6:09  Zerg Melee Weapons Level 1  
  91  6:14  Drone  
  91  6:17  Drone  
  91  6:18  Spore Crawler  
  91  6:19  Drone x2  
  91  6:22  Overlord  
  91  6:25  Extractor x2  
  91  6:35  Drone x2  
  91  6:36  Drone x4  
  91  6:39  Roach x6  
  108  6:40  Infestation Pit  
  108  6:41  Hydralisk Den  
  108  6:44  Roach x3  
  112  6:50  Overlord x3  
  112  6:53  Drone x2  
  114  6:58  Roach x3  
  120  7:03  Overseer  
  120  7:08  Drone x5  
  123  7:10  Drone  
  123  7:15  Drone x2  
  126  7:17  Hydralisk, Grooved Spines  
  126  7:18  Hydralisk x2  
  132  7:23  Drone  
  132  7:25  Spore Crawler  
  132  7:26  Lurker Den  
  132  7:29  Overseer  
  131  7:33  Hive  
  131  7:37  Roach x5  
  131  7:41  Overlord x2  
  131  7:42  Hydralisk  
  143  7:48  Drone x4  
  147  7:53  Hydralisk x3  
  153  7:58  Hydralisk x3  
  153  8:03  Roach x2  
  163  8:07  Muscular Augments  
  160  8:15  Roach  
  160  8:16  Roach x5  
  172  8:22  Hydralisk x3  
  176  8:32  Hydralisk x5  
  183  8:34  Zergling x4  
  183  8:38  Hatchery  
  183  8:39  Hydralisk  
  183  8:40  Hydralisk x2  
  181  8:46  Seismic Spines  
  181  8:51  Drone x2  
  181  8:53  Drone x2  
  181  8:54  Drone  
  181  8:55  Spine Crawler  
  182  8:56  Spine Crawler  
  182  9:00  Drone  
  182  9:02  Zerg Missile Weapons Level 1  
  182  9:07  Lurker x2  
  182  9:08  Overlord  
  182  9:09  Overlord  
  184  9:16  Overlord  
  184  9:23  Extractor x2  
  182  9:25  Lurker x2  
  182  9:27  Overlord  
  182  9:29  Lurker  
  182  9:30  Lurker x7  
  192  9:34  Lurker  
  192  9:36  Zergling x6  
  196  9:43  Drone  
  196  9:44  Drone x2  
  197  9:54  Adrenal Glands, Adaptive Talons  
  195  10:09  Hydralisk x3  
  200  10:19  Hydralisk  
  200  10:23  Spine Crawler  
  191  10:36  Hydralisk x5  
  191  10:39  Roach x5  
  197  10:46  Hydralisk  
  199  11:00  Hydralisk x4  
  194  11:14  Spire  
  189  11:24  Viper x2  
  189  11:25  Hydralisk x6  
  177  11:26  Zergling x6  
  177  11:27  Zergling x8  
  177  11:30  Zerg Missile Weapons Level 2, Greater Spire  
  195  11:33  Hydralisk x2  
  194  11:41  Hydralisk x5  
  196  11:48  Hydralisk  
  196  11:49  Hydralisk x6  
  196  11:55  Hydralisk x4  
  195  12:03  Overseer x2  
  195  12:04  Overseer x2  
  195  12:05  Pneumatized Carapace  
  187  12:16  Hydralisk x6  
  196  12:34  Lurker x4  
  194  12:54  Hydralisk  
  194  12:55  Hydralisk x5  
  194  13:00  Corruptor x8  
  196  13:06  Corruptor x2  
  198  13:14  Overlord  
  198  13:33  Hatchery  
  194  13:35  Overlord  
  194  13:36  Ultralisk Cavern  
  187  13:46  Zerg Ground Armor Level 1  
  175  13:58  Zergling x6  
  175  14:01  Zerg Flyer Weapons Level 1  
  175  14:02  Spire  
  171  14:03  Corruptor x7  
  185  14:18  Spore Crawler  
  185  14:21  Spore Crawler x2  
  182  14:27  Chitinous Plating  
  182  14:35  Corruptor  
  182  14:36  Corruptor x2  
  188  14:46  Brood Lord x6  
  200  14:57  Evolution Chamber  
  199  15:15  Hatchery  
  199  15:19  Corruptor  
  198  15:37  Corruptor  
  199  15:48  Overseer x2, Burrow  
  199  15:52  Spore Crawler  
  199  15:53  Spore Crawler  
  199  15:54  Spore Crawler  
  199  15:55  Spore Crawler x3  
  199  15:56  Spore Crawler  
  192  15:57  Spore Crawler  
  189  16:06  Brood Lord x2  
  189  16:07  Brood Lord x2  
  189  16:10  Drone x2  
  189  16:11  Drone  
  200  16:14  Zerg Flyer Weapons Level 2  
  200  16:15  Zerg Flyer Armor Level 1  
  200  16:19  Spore Crawler x2  
  200  16:21  Spore Crawler  
  200  16:22  Spore Crawler x4  
  193  16:26  Zerg Missile Weapons Level 3, Zerg Ground Armor Level 2  
  193  16:28  Drone x3  
  193  16:29  Drone x4  
  204  16:34  Spore Crawler x2  
  204  16:37  Spore Crawler  
  193  16:50  Viper  
  193  16:53  Infestor x4  
  191  16:55  Drone x4  
  195  17:03  Spore Crawler  
  195  17:04  Spore Crawler  
  195  17:05  Spore Crawler  
  190  17:08  Corruptor x4  
  190  17:09  Corruptor  
  196  17:27  Corruptor x6  
  189  17:37  Brood Lord x2  
  189  17:42  Infestor x2  
  189  17:59  Corruptor x5  
  189  18:05  Infestor x2  
  175  18:22  Brood Lord x3  
  177  18:28  Corruptor  
  171  18:38  Corruptor  
  171  18:39  Corruptor  
  169  18:54  Brood Lord x2  
  169  18:55  Brood Lord x3  
  164  19:10  Drone x3  
  167  19:17  Spore Crawler x2  
  167  19:20  Corruptor x7  
  179  19:37  Corruptor x5  
  171  19:52  Extractor  
  170  19:55  Overseer  
  170  19:56  Extractor  
Tags
 
Add a new tag
Caveats
  • Supply blocks, unpowered buildings, or Contaminate may cause inaccurate times.
  • Supply counts are checked every 10 seconds.